Unix NetHack Version 5.0.0-0 post-release - last build May 31 2026 23:59:36 (970b52f25bf058293b47ddfd14a1e40e571c508c,branch:main).

Game began 2026-06-02 14:20:05, ended 2026-06-08 00:43:02.

BatBeefs, chaotic female human Rogue

                                                              -----
                                                              |...      3
                                                    ------   --..--------- 1
                                                   ......-- --...|..B....|1
                                                  .....%..---)%..|H.HP..D| 1
                                                 ......A%.%aa%aa%aaUa@..h|24
                                                 ....[%..%---%4%1|.a'@...|
                                                 -..%[[..-  --...|.....@.|
                                                 ----.----   --..---------55
                                             -------...       |...1  1  5 55
                                             |......%..       -----
                                             -...------
                                            -....|
                                            ...---
                                             ..

BatBeefs the Filcher    St:18/** Dx:19 Co:18 In:17 Wi:20 Ch:14  Chaotic
Astral Plane $:15025 HP:54(245) Pw:153(171) AC:-24 Xp:23 T:68037 

Latest messages:
 The fire ant misses!
 The fire ant misses!
 The mind flayer concentrates.
 A wave of psychic energy pours over you!
 The fire ant misses!
 The fire ant bites!
 You avoid harm.
 The black pudding bites!
 Your robe is protected by the layer of grease!
 The grease dissolves.
 The vampire bat misses!
 The vampire bat misses!
 The renegade priestess of Kos picks up a mace.
 Pick a monster, object or location.
 You stop.  The high priest of Mog doesn't want to swap places.
 The fire ant misses!
 The fire ant misses!
 The clay golem misses!
 The vampire bat turns to flee.
 The umber hulk's gaze confuses you!
 You hear a chugging sound.
 The fire ant misses!
 The fire ant misses!
 There is a high altar to Mog (neutral) here.
 You are too impaired to perform the rite.
 What do you want to use or apply? [acfhikopswzDG-LNQ-T or ?*] p
 You feel less confused now.
 The clay golem hits!
 The fire ant misses!
 The fire ant misses!
 The guardian Angel of Kos swings her long sword at it.
 The guardian Angel of Kos hits it.
 You hear a chugging sound.
 The storm giant hits!
 You hear a mumbled curse.
 What do you want to sacrifice? [x or ?*] <esc>
 Never mind.
 #in memory of PJ.: unknown extended command.
 What do you want to sacrifice? [x or ?*] x
 You offer the Amulet of Yendor to Mog...
 Mog accepts your gift, and gains dominion over Kos...
 Kos is enraged...
 Fortunately, Mog permits you to live...
 A cloud of orange smoke surrounds you...
 Do you want your possessions identified? [ynq] (y) y
 Do you want to see your attributes? [ynq] (y) y
 Do you want an account of creatures vanquished? [ynaq] (y) n
 Do you want a list of species genocided and extinct? [ynaq] (y) y
 Do you want to see your conduct and achievements? [ynq] (y) y
 Do you want to see the dungeon overview? [ynq] (y) n

Inventory:
 Coins    ('$')
  $ - 15025 gold pieces
 Amulets  ('"')
  r - an uncursed amulet of magical breathing
  M - an uncursed amulet of reflection named OLLLL' Trusty. (being worn)
 Weapons  (')')
  l - 9 blessed +0 daggers (at the ready)
  b - the +7 Grayswandir (wielded in right hand)
  m - a blessed +5 silver saber (wielded in left hand)
  V - the blessed rustproof +5 Stormbringer
 Armor    ('[')
  P - a blessed tempered +3 helm of brilliance (being worn)
  F - a blessed fireproof +2 pair of gauntlets of dexterity (being worn)
  U - a blessed fireproof +2 pair of speed boots (being worn)
  O - a cursed fireproof +0 robe (being worn)
  E - a cursed +3 gray dragon scale mail (being worn)
 Comestibles  ('%')
  d - 5 uncursed food rations
  Y - 2 uncursed lembas wafers
  t - 5 uncursed lizard corpses
 Spellbooks  ('+')
  w - the cursed Book of the Dead
 Potions  ('!')
  n - a potion of holy water
 Rings    ('=')
  Z - an uncursed ring of conflict
  X - a blessed ring of free action (on right hand)
  g - a blessed +4 ring of increase damage (on left hand)
  C - an uncursed ring of levitation named V.o.D.
  u - a cursed ring of regeneration
 Wands    ('/')
  a - a wand of cancellation named bag bomb (0:4)
  i - a cursed wand of cold named minotaur (0:7)
  S - a cursed wand of cold named pit fiend (0:6)
  D - a cursed wand of cold (0:4)
  Q - a wand of death (0:1)
  N - a cursed wand of death named ghost town (0:2)
  k - a wand of lightning (0:6)
  G - a cursed wand of lightning named OLLLL' Trusty. (0:0)
  R - a blessed wand of magic missile (0:4)
  f - a wand of teleportation (0:4)
 Tools    ('(')
  h - an empty blessed bag of holding named level 25
  T - the blessed Bell of Opening (0:2)
  s - a can of grease named V.o.D. (0:16)
  J - the uncursed Candelabrum of Invocation (7 of 7 candles attached)
  L - a blessed magic lamp
  H - a cursed magic whistle
  c - the uncursed Master Key of Thievery
  K - an uncursed pair of lenses
  z - an uncursed stethoscope
  I - a cursed tin opener named giant ant, level 11
  o - an uncursed wet towel
  p - a +0 unicorn horn
 Gems/Stones  ('*')
  q - a cursed luckstone

BatBeefs the Rogue's attributes:

Background:
 You were a Filcher, a level 23 female human Rogue.
 You were chaotic, on a mission for Kos
 who was opposed by Issek (lawful) and Mog (neutral).
 You were right-handed.
 You were in the endgame, on the Astral Plane.
 You entered the dungeon 68037 turns ago.
 It was the midnight hour.
 You had 30084615 experience points, 9915385 more were needed for level 24.

Basics:
 You had 54 out of 245 hit points.
 You had 153 out of 171 energy points (spell power).
 Your armor class was -24.
 Your wallet contained 15025 zorkmids.
 Autopickup was off.

Final Characteristics:
 Your strength was 18/100 (limit:18/100).
 Your dexterity was 19 (base:17, peak:18, innate limit:18).
 Your constitution was 18 (limit:18).
 Your intelligence was 17 (base:14, limit:18).
 Your wisdom was 20 (base:17, innate limit:18).
 Your charisma was 14 (limit:18).

Final Status:
 You weren't hungry.
 You were unencumbered.
 You were wielding two weapons at once.
 Your two weapon skill was limited by being skilled with saber.

Final Attributes:
 You were the Glory of Arioch.
 You were piously aligned.
 You were magic-protected.
 You were fire resistant.
 You were cold resistant.
 You were sleep resistant.
 You were disintegration resistant.
 You were shock resistant.
 You were poison resistant.
 You resisted hallucinations.
 You saw invisible.
 You were telepathic.
 You were warned.
 You had automatic searching.
 You were stealthy.
 You aggravated monsters.
 You could teleport.
 You had teleport control.
 You had a moderate damage bonus (+4).
 You had a moderate defense bonus (+10).
 You were guarded.
 You took half physical damage.
 Your spell casting was enhanced by wearing a robe.
 You were very fast.
 You had reflection.
 You had free action.
 You were lucky.
 You had reduced luck.
 Bad luck did not time out for you.
 You survived.

Miscellaneous:
 You didn't encounter any bones levels.
 Total elapsed playing time was 1 day, 14 hours, 16 minutes and 40 seconds.

Major events:
 Turn
    1: BatBeefs the chaotic female human Rogue entered the dungeon
  723: attained the rank of Cutpurse (level 3)
 4174: attained the rank of Rogue (level 6)
 4500: found Mjollnir on the floor
 5523: entered Sokoban
 5822: completed 1st Sokoban level
 7010: entered the Gnomish Mines
10063: reached Mine Town
13041: completed 2nd Sokoban level
13434: completed 3rd Sokoban level
14155: completed 4th Sokoban level
14512: attained the rank of Pilferer (level 10)
15003: read a Discworld novel
15078: acquired the Sokoban amulet of reflection
16494: entered the Bigroom
20140: was bestowed with Orcrist by Kos
21376: entered Home 1, the Quest
34602: performed her first genocide (master mind flayers)
35014: killed Medusa
35956: made her first wish - "blessed +2 fixed helm of brilliance", got "a crystal helmet"
38306: was bestowed with Werebane by Kos
39092: attained the rank of Robber (level 14)
39153: the Master of Thieves has granted access to proceed deeper into the quest
39616: entered Home 2, the Quest
39689: entered Home 3, the Quest
41013: entered Home 4, the Quest
41363: entered Home 5, the Quest
43392: found the Master Key of Thievery on the floor
43407: killed the Master Assassin
43409: acquired the Bell of Opening
44003: wished for "blessed +2 gray dragon scale mail", got "a gray dragon scale mail"
44171: wished for "blessed spellbook of magic mapping", got "a light brown spellbook"
44775: entered Gehennom
45795: attained the rank of Burglar (level 18)
48788: killed Juiblex
48881: killed Baalzebub
49252: killed Yeenoghu
51071: destroyed Vlad the Impaler
51074: acquired the Candelabrum of Invocation
51129: made her first artifact wish - "blessed +2 Grayswandir", got "a silver saber named Grayswandir"
52124: was chosen to steal souls for the Glory of Kos
52124: was bestowed with Stormbringer
52308: found Sunsword carried by a monster
52964: killed Orcus
54988: killed Croesus
64244: killed the Wizard of Yendor
64260: acquired the Book of the Dead
64479: performed the invocation
64650: killed the Wizard of Yendor (2nd time)
64669: attained the rank of Filcher (level 22)
64853: killed the high priest of Moloch
64857: acquired The Amulet of Yendor
64857: wished for "blessed fixed +2 gauntlets of dexterity", got "a pair of old gloves"
64881: genocided class L
65124: killed the Wizard of Yendor (3rd time)
65598: killed Asmodeus
67062: entered the Elemental Planes
67062: entered Plane of Earth
67063: killed the Wizard of Yendor (5th time)
67185: wished for "2 scrolls of gold detection", got "2 scrolls of gold detection"
67187: entered Plane of Air
67286: entered Plane of Fire
67338: entered Plane of Water
67805: entered the Astral Plane
67818: killed Famine
67838: killed Famine (2nd time)
67855: killed Famine (3rd time)
67892: killed Famine (5th time)
67984: killed Famine (10th time)
68037: escaped

Spells:
 Name                 Level Category     Fail Retention
 magic missile          2   attack         0%   51%-75%
 light                  1   divination     0%   91%-95%
 create monster         2   clerical       0%   51%-75%
 remove curse           3   clerical       0%  76%-100%
 identify               3   divination     0%   36%-40%
 magic mapping          5   divination     0%   71%-75%
 invisibility           4   escape        73%    (gone)
 detect monsters        1   divination     0%    (gone)
 confuse monster        1   enchantment    0%    (gone)
 cure sickness          3   healing        0%   51%-75%
 healing                1   healing        0%    (gone)
 restore ability        4   healing       73%    (gone)
 cure blindness         2   healing        0%   26%-50%
 fireball               4   attack        73%   51%-75%
 charm monster          5   enchantment   99%   51%-75%
 force bolt             1   attack         0%    (gone)
 sleep                  3   enchantment    0%  76%-100%
 dig                    5   matter        99%  76%-100%
 clairvoyance           3   divination     0%   81%-85%

Skills:
 Fighting Skills
   bare handed combat [Unskilled]
   two weapon combat  [Expert]
   riding             [Unskilled]
 Weapon Skills
   dagger             [Skilled]
   knife              [Unskilled]
   short sword        [Basic]
   broadsword         [Unskilled]
   long sword         [Unskilled]
   two-handed sword   [Unskilled]
   saber              [Skilled]
   club               [Unskilled]
   mace               [Unskilled]
   morning star       [Unskilled]
   flail              [Unskilled]
   hammer             [Basic]
   polearms           [Unskilled]
   spear              [Unskilled]
   crossbow           [Unskilled]
   dart               [Unskilled]
   shuriken           [Unskilled]
 Spellcasting Skills
   divination spells  [Skilled]
   escape spells      [Unskilled]
   matter spells      [Unskilled]

Voluntary challenges:
 Character rerolling was not enabled.
 You genocided 5 types of monsters.
 You used 6 wishes (1 for an artifact).
 You violated the special Sokoban rules once.
Achievements:
 You attained the rank of Cutpurse.
 You entered a shop.
 You attained the rank of Rogue.
 You entered Sokoban.
 You entered the Gnomish Mines.
 You entered Minetown.
 You entered a temple.
 You attained the rank of Pilferer.
 You read from a Discworld novel.
 You completed Sokoban.
 You entered the Big Room.
 You defeated Medusa.
 You attained the rank of Robber.
 You had the Bell of Opening.
 You entered Gehennom.
 You attained the rank of Burglar.
 You had the Candelabrum of Invocation.
 You had the Book of the Dead.
 You gained access to Moloch's Sanctum.
 You attained the rank of Filcher.
 You had obtained the Amulet of Yendor.
 You reached the Elemental Planes.
 You reached the Astral Plane.

 The Elemental Planes:
    Astral Plane: <- You left from here.
       A temple and an altar.
    Plane of Water:
    Plane of Fire:
    Plane of Air:
    Plane of Earth:
 The Dungeons of Doom: levels 1 to 26
    Level 1: "(empty :) ;) ) vault"
       An altar to Kos.
       One way stairs up to The Elemental Planes.
    Level 2: "shoppe"
       A potion shop.
    Level 3:
       Stairs down to The Gnomish Mines.
    Level 4:
       A general store.
    Level 5: "vault, shoppe"
       A weapon shop.
    Level 6: "leppy - Dudes :)"
    Level 7:
       Many fountains.
       Oracle of Delphi.
    Level 8: "got ring from sink, already"
       A sink.
       Stairs up to Sokoban, level 7.
    Level 9:
    Level 10:
       A weapon shop.
    Level 11:
       A very big room.
    Level 12: "(empty ;) :) ) vault/already got ring, from sink"
       A sink.
    Level 13:
       Portal to The Quest.
    Level 14:
    Level 15: "already got the ring, from the sink"
       A sink.
    Level 16:
    Level 17:
       A primitive area.
    Level 18:
       A potion shop.
    Level 19:
       Portal to Fort Ludios.
    Level 20:
    Level 21:
       A fountain, a grave.
    Level 22:
    Level 23:
       Many graves.
    Level 24:
       Many trees.
    Level 25:
    Level 26:
       A fountain.
       Connection to Gehennom.
 Gehennom: levels 27 to 50
    Level 27:
       A temple and an altar, many graves.
       Valley of the Dead.
    Level 28:
    Level 29:
    Level 30:
    Level 31:
       A fountain.
    Level 32:
    Level 33:
    Level 34:
    Level 35:
    Level 36:
    Level 37:
    Level 38:
       Stairs up to Vlad's Tower, level 37.
    Level 39:
    Level 40:
    Level 41:
       Some shops, an altar, some graves.
    Level 42:
    Level 43:
    Level 44:
    Level 45:
    Level 46:
    Level 47:
    Level 48:
    Level 49:
    Level 50:
       A temple and an altar, many graves.
       Moloch's Sanctum.
 The Gnomish Mines: levels 4 to 7
    Level 4:
    Level 5:
    Level 6:
       Many shops, a temple and an altar, some fountains.
    Level 7:
 The Quest: levels 1 to 5
    Level 1:
       Completed quest for the Master of Thieves.
    Level 2:
    Level 3:
    Level 4:
    Level 5:
 Sokoban: levels 7 up to 4
    Level 4:
       Solved.
    Level 5:
       Solved.
    Level 6:
       Solved.
    Level 7:
       Solved.
 Fort Ludios:
    Level 1:
 Vlad's Tower: levels 37 up to 35
    Level 35:
    Level 36:
    Level 37:


Vanquished creatures:
    Asmodeus
    Baalzebub
    Orcus
    Yeenoghu
    Juiblex
the Wizard of Yendor (5 times)
    Famine (12 times)
    Vlad the Impaler
  6 arch-liches
  a high cleric
    Medusa
    Croesus
  9 krakens
  6 iron golems
 14 master liches
  9 storm giants
  4 glass golems
  a balrog
  9 purple worms
  a gold dragon
  7 silver dragons
 18 red dragons
  3 white dragons
  9 orange dragons
  4 black dragons
  2 blue dragons
  4 green dragons
  5 yellow dragons
 29 minotaurs
  7 jabberwocks
the Master Assassin
  9 baluchitheria
  4 Angels
  3 demiliches
  4 stone golems
 21 Olog-hai
  8 pit fiends
  2 sandestins
  a hell hound
  5 displacer beasts
  9 titanotheres
  3 trappers
  5 baby red dragons
 23 guardian nagas
  4 disenchanters
 23 vampire leaders
  5 skeletons
 16 aligned clerics
  4 captains
  6 shades
  8 liches
  3 clay golems
  7 nurses
  7 ice devils
 13 nalfeshnees
  5 lurkers above
  6 Aleaxes
  3 ettins
  5 golden nagas
 12 black puddings
 39 vampires
 15 lieutenants
 43 ghosts
 an archeologist
  a healer
  a queen bee
  5 winged gargoyles
  7 mind flayers
 10 giant mimics
  6 long worms
 10 zruties
  5 fire giants
  3 ogre tyrants
  2 ice trolls
  2 rock trolls
 12 umber hulks
  7 flesh golems
  7 elven monarchs
  a doppelganger
 14 hezrous
 12 bone devils
 17 large mimics
  2 wumpuses
  7 fire vortices
  6 couatls
 18 stalkers
 11 air elementals
 12 fire elementals
 20 earth elementals
 29 water elementals
  a hill giant
  6 giant mummies
  4 black nagas
 16 xorns
 17 giant zombies
  4 elf-nobles
 19 sergeants
 11 barbed devils
 19 vrocks
  6 salamanders
 13 wargs
  6 winter wolves
  9 hell hound pups
 15 small mimics
  6 warhorses
 12 steam vortices
 14 xans
  4 ettin mummies
  2 ogre leaders
 11 quantum mechanics
 23 trolls
  5 sasquatches
  4 wood golems
 10 mariliths
  a djinni
 13 sharks
  6 electric eels
 13 gelatinous cubes
  7 pyrolisks
  7 large dogs
  2 freezing spheres
 12 flaming spheres
  8 shocking spheres
  4 large cats
  8 tigers
  8 gargoyles
  a dwarf ruler
  3 tengu
  7 ochre jellies
 14 leocrottas
  7 energy vortices
  2 mountain centaurs
  8 stone giants
  5 elf mummies
  4 human mummies
  4 red nagas
  6 green slimes
  7 pythons
  9 pit vipers
  8 cobras
 62 wraiths
  9 carnivorous apes
 17 ettin zombies
  3 leather golems
  6 Grey-elves
121 soldiers
  4 watchmen
 10 amorous demons
 17 horned devils
 22 chameleons
  3 crocodiles
 31 giant beetles
  5 quivering blobs
 28 cockatrices
 19 wolves
  a winter wolf cub
  3 lynxes
  3 panthers
  4 gremlins
  5 spotted jellies
 97 leprechauns
  3 orc-captains
 an iron piercer
  3 mumakil
 10 giant spiders
  6 scorpions
  7 horses
  4 ice vortices
  a baby long worm
  8 black lights
 12 vampire bats
  9 gnome rulers
  6 orc mummies
  5 dwarf mummies
  2 ogres
  2 brown puddings
  6 rust monsters
 19 owlbears
  9 yetis
  2 gold golems
  3 werewolves
  3 Green-elves
  4 piranha
 21 giant eels
 33 lizards
  5 chickatrices
  5 dingoes
  7 dogs
  4 housecats
  9 jaguars
  2 dwarf leaders
  7 blue jellies
  4 white unicorns
  5 gray unicorns
 14 dust vortices
 29 ravens
  8 plains centaurs
  6 gnome mummies
  9 snakes
 18 water moccasins
 28 apes
 27 human zombies
  5 rope golems
  4 Woodland-elves
 23 soldier ants
 53 fire ants
 14 bugbears
  7 lemures
  4 quasits
 10 wood nymphs
 20 water nymphs
  7 mountain nymphs
 25 Mordor orcs
 22 Uruk-hai
  7 orc shamans
 11 rock piercers
 11 rock moles
  3 ponies
 11 fog clouds
 16 yellow lights
  a shrieker
  9 violet fungi
 10 gnome leaders
  5 gnomish wizards
  3 kobold mummies
  a guardian naga hatchling
  7 gray oozes
  6 barrow wights
 30 elf zombies
 16 ghouls
  3 straw golems
  5 paper golems
  3 jellyfish
 56 giant ants
  3 little dogs
 20 floating eyes
  6 kittens
 22 dwarves
  a homunculus
  6 kobold leaders
 11 kobold shamans
 37 hill orcs
 40 rothes
  4 rabid rats
  3 centipedes
  8 giant bats
  4 monkeys
 18 orc zombies
 10 dwarf zombies
  6 wererats
  5 werejackals
 24 iguanas
 45 killer bees
  7 acid blobs
  7 coyotes
  7 gas spores
  9 hobbits
 12 manes
  2 large kobolds
 18 hobgoblins
 14 giant rats
 14 cave spiders
  6 brown molds
  8 yellow molds
  4 green molds
  6 red molds
 27 gnomes
 14 garter snakes
 21 gnome zombies
 24 geckos
 23 jackals
  3 foxes
  2 kobolds
  7 goblins
  8 sewer rats
 17 grid bugs
  2 bats
 15 lichens
 22 kobold zombies
 18 newts
2968 creatures vanquished.

Genocided or extinct species:
 erinyes (extinct)
 arch-liches
 master liches
 demiliches
 master mind flayers
 liches
 soldiers (extinct)
 leprechauns (extinct)
5 species genocided.
3 species extinct.

Goodbye BatBeefs the Rogue...

You escaped from the dungeon with 2063989 points,
Grayswandir (worth 8000 zorkmids and 20000 points)
The Master Key of Thievery (worth 3500 zorkmids and 8750 points)
The Book of the Dead (worth 10000 zorkmids and 25000 points)
The Candelabrum of Invocation (worth 5000 zorkmids and 12500 points)
The Bell of Opening (worth 5000 zorkmids and 12500 points)
Stormbringer (worth 8000 zorkmids and 20000 points)
       1 amulet of reflection (worth 150 zorkmids),
       1 amulet of magical breathing (worth 150 zorkmids),
and 15025 pieces of gold, after 68037 moves.
You were level 23 with a maximum of 245 hit points when you escaped.

